 Dungeon Crawl Stone Soup version 0.30-a0-965-g42e074c17a (webtiles) character file.

Game seed: 2742448234533728429

733 gelatine the Chopper (level 7, 0/56 HPs)
             Began as a Demonspawn Fighter on Mar 30, 2023.
             Succumbed to a gnoll sergeant's poison
             ... on level 4 of the Dungeon.
             The game lasted 00:09:37 (4149 turns).

gelatine the Chopper (Demonspawn Fighter)           Turns: 4149, Time: 00:09:38

Health: 0/56       AC:  8    Str: 17 (18) XL:     7   Next: 45%
Magic:  7/7        EV: 14    Int: 10      God:
Gold:   257        SH:  5    Dex: 12      Spells: 6/6 levels left

rFire   . . .      SeeInvis .    a - +1 war axe
rCold   + . .      Faith    .    c - +1 buckler
rNeg    . . .      Spirit   .    b - +0 scale mail
rPois   .          Reflect  .    (no helmet)
rElec   .          Rampage  .    (no cloak)
rCorr   .                        (no gloves)
Will    .....                    (no boots) Stlth
                                 j - amulet of the acrobat
HPRegen 1.29/turn                l - ring of protection from cold
MPRegen 0.10/turn                u - +5 ring of evasion

@: mighty, lethally poisoned (0 -> -14)
A: rugged brown scales 1, powered by death 1, demonic touch 2
a: no special abilities


You were on level 4 of the Dungeon.
You visited 1 branch of the dungeon, and saw 4 of its levels.
You also visited: Sewer.

You collected 257 gold pieces.

Inventory:

Hand Weapons
 a - a +1 war axe (weapon)
 s - the +4 spear "Quassi Vune" {heavy, rC+ Str-2 Int+2}
   (You found it on level 4 of the Dungeon)

   Str:       It affects your strength (-2).
   Int:       It affects your intelligence (+2).
   rC:        It protects you from cold.
Missiles
 i - 8 boomerangs (quivered)
 t - 5 curare-tipped darts
 w - a throwing net
Armour
 b - a +0 scale mail (worn)
 c - a +1 buckler (worn)
 g - a +0 ring mail
 q - a +0 leather armour
 x - a +0 chain mail
Jewellery
 j - an amulet of the acrobat (around neck)
 l - a ring of protection from cold (left hand)
 u - a +5 ring of evasion (right hand)
 v - a ring of fire
Wands
 o - a wand of quicksilver (11)
Scrolls
 e - a scroll of fear
 f - a scroll of torment {unknown}
 h - 2 scrolls of enchant weapon
 m - a scroll of summoning {unknown}
 n - a scroll of silence
 r - a scroll of teleportation {unknown}
Potions
 d - a potion of might
 p - a potion of attraction


   Skills:
 * Level 4.6 Fighting
 * Level 5.2 Axes
 + Level 0.8 Throwing
 * Level 4.2 Armour
 * Level 1.7 Dodging
 * Level 3.4 Shields


You had 6 spell levels left.
You didn't know any spells.
Your spell library contained the following spells:

 Spells                   Type           Power      Damage    Failure   Level
 Sandblast                Erth           0%         2d4       85%         1
 Passwall                 Tmut/Erth      0%         N/A       94%         2
 Stone Arrow              Conj/Erth      0%         3d7       99%         3


Dungeon Overview and Level Annotations

Branches:
Dungeon (4/15)             Temple (0/1) D:4           Sewer (visited)

Altars:
Gozag

Shops:
D:2 ==(   D:4 (


Innate Abilities, Weirdness & Mutations

You are partially covered in rugged brown scales. (AC +1, +3% HP)
You regenerate a little health from kills.
Your touch may inflict irresistible damage on your foes.


Message History

You slash the gnoll!
You kill the gnoll!
You slash the gnoll! The gnoll sergeant misses you.
The gnoll barely misses you.
The gnoll hits you from afar with a +0 halberd!
You slash the gnoll!
You kill the gnoll!
The gnoll sergeant closely misses you.
The gnoll hits you from afar with a +0 halberd.
A phantom comes into view.
Found a viscous ruby potion.
The gnoll sergeant completely misses you.
The gnoll misses you.
There is an open door, spattered with blood here.
Things that are here:
a +0 club; a gnoll corpse You slash the gnoll!
The gnoll is severely wounded.
You closely miss the gnoll sergeant.
The gnoll sergeant hits you with a +6 spear of venom!
The gnoll completely misses you.
You slash the gnoll sergeant!
The gnoll sergeant is moderately wounded.
You barely miss the gnoll.
The gnoll sergeant hits you with a +6 spear of venom!
You are poisoned.
The gnoll hits you with a +0 halberd!
* * * LOW HITPOINT WARNING * * *
The gnoll sergeant hits you with a +6 spear of venom.
* * * LOW HITPOINT WARNING * * *
The gnoll misses you.
It was a potion of magic.
Magic courses through your body.
* * * LOW HITPOINT WARNING * * *
You feel very sick.
The gnoll sergeant hits you with a +6 spear of venom.
* * * LOW HITPOINT WARNING * * *
You are more poisoned.
The gnoll misses you.
You feel very mighty all of a sudden.
You die...

....#.....# *,....,*
.##...##..# *......#
.#.....#..# *......#
..†.......# *......#
#...∩.....######......*
................###'####***
.#..).)#........#.......,,*
.##...##.......)#g......,,*
................@gW.....,,*
...............)#.......,,*
.....############...##..,,*
.....#,,,,,,,,,**...#*,,,,*
....,*,,,,,,,,,,,....#,,,,*
....,*,,,,,,,,,,,....#,,,,*
...,,*,,,,,,,,,,,...!#,,,,*
...,,*,,,****+***#####,,,,*
#+**********,,,****,**,,,,*


You could see a phantom, a gnoll sergeant and a gnoll.

Vanquished Creatures
  5 kobold brigands (Sewer)
  A hound (D:4)
  A jelly (D:4)
  An orc priest (D:3)
  An iguana (D:4)
  7 adders
  8 gnolls (D:4)
  3 river rats
  4 worms
  5 dart slugs
  10 orcs
  3 endoplasms
  A giant cockroach (D:4)
  3 goblins
  4 hobgoblins
  A jackal (Sewer)
  2 quokkas (D:1)
  8 ball pythons
  6 bats
  6 frilled lizards
  10 kobolds
  8 rats
98 creatures vanquished.

Vanquished Creatures (others)
  9 plants (Sewer)
9 creatures vanquished.

Grand Total: 107 creatures vanquished

Notes
Turn   | Place    | Note
-------+----------+-------------------------------------------
     0 | D:1      | gelatine the Demonspawn Fighter began the quest for the
                  | Orb.
     0 | D:1      | Reached XP level 1. HP: 18/18 MP: 1/1
   152 | D:1      | Gained mutation: You are partially covered in rugged brown
                  | scales. (AC +1, +3% HP) [demonic ancestry]
   152 | D:1      | Reached XP level 2. HP: 15/24 MP: 2/2
   521 | D:1      | Found a faded altar of an unknown god.
   886 | D:2      | Reached skill level 2 in Axes
   947 | D:2      | Found Irioph's Jewellery Emporium.
   961 | D:2      | Reached XP level 3. HP: 29/29 MP: 3/3
  1178 | D:2      | Found Jygoiphu's Jewellery Shop.
  1282 | D:2      | Found Zesch's Antique Weapon Shop.
  1643 | D:3      | Gained mutation: Your touch may inflict minor irresistible
                  | damage on your foes. [demonic ancestry]
  1643 | D:3      | Reached XP level 4. HP: 35/36 MP: 4/4
  1852 | D:3      | Found an opulent altar of Gozag.
  1864 | D:3      | Found an opulent altar of Gozag.
  1866 | D:3      | Found an opulent altar of Gozag.
  1873 | D:3      | Found an opulent altar of Gozag.
  2512 | D:4      | Reached skill level 3 in Axes
  2512 | D:4      | Reached XP level 5. HP: 12/43 MP: 5/5
  2649 | D:4      | Found a glowing drain.
  2696 | Sewer    | Entered a sewer
  2824 | Sewer    | Gained mutation: Your touch may inflict irresistible damage
                  | on your foes. [demonic ancestry]
  2824 | Sewer    | Reached XP level 6. HP: 42/49 MP: 6/6
  2973 | Sewer    | Reached skill level 4 in Axes
  3067 | Sewer    | Reached skill level 1 in Dodging
  3313 | Sewer    | Gained mutation: You regenerate a little health from kills.
                  | [demonic ancestry]
  3313 | Sewer    | Reached XP level 7. HP: 19/55 MP: 7/7
  3741 | D:4      | Reached skill level 5 in Axes
  3880 | D:4      | Found a staircase to the Ecumenical Temple.
  3939 | D:4      | Identified the +4 spear "Quassi Vune" {heavy, rC+ Str-2
                  | Int+2}
  4093 | D:4      | Found Zerghon's Weapon Boutique.
  4149 | D:4      | Succumbed to a gnoll sergeant's poison

Illustrated notes

Levels and vault maps discovered:
D:1:      dpeg_arrival_lava_altar, layout_basic,
          shapermc_ecumenical_altar_notcrosses
D:2:      layout_basic, serial_shops, nicolae_shop_statue_plus,
          nicolae_square_shop, shop_fountains
D:3:      layout_basic, nicolae_gozag_conspicuous_consumption
D:4:      layout_gridville, minmay_temple_entry_arrows, serial_shops,
          nicolae_shop_bloodbath_and_beyond, portal_sewer_entry_c

Skill      XL: |  1  2  3  4  5  6  7 |
---------------+----------------------+-----
Armour         | 3 4 |  4.2
Axes           | 2 3 4 5 |  5.2
Shields        | 3 |  3.4
Fighting       | 4 |  4.6
Dodging        | 1 |  1.7
Throwing       | |  0.8

Action                     |  1- 3 |  4- 6 |  7- 9 || total
---------------------------+-------+-------+-------++-------
  Melee: War axe           |   103 |   196 |    62 ||   361
  Throw: Boomerang         |     3 |    15 |       ||    18
    Use: Scroll            |       |     4 |     1 ||     5
         Potion            |       |     6 |     2 ||     8
 Armour: Scale mail        |    68 |       |    10 ||    78
         Leather armour    |       |    11 |     3 ||    14
         Skin              |       |     4 |       ||     4
  Dodge: Dodged            |    66 |   127 |    78 ||   271
  Block: Buckler           |    22 |    30 |    19 ||    71

Table legend: (Time is in decaauts)
 A = Elapsed time spent in this place.
 B = Non-inter-level travel time spent in this place.
 C = Inter-level travel time spent in this place.
 D = Time resting spent in this place.
 E = Time spent auto-exploring this place.
 F = Levels seen in this place.
 G = Mean time per level.
                   A        B        C        D        E       F      G
               +--------+--------+--------+--------+--------+-----+--------+
         Total |   4417 |   4216 |    201 |      0 |   3052 |   5 |  883.4 |
       Dungeon |   3255 |   3054 |    201 |      0 |   2269 |   4 |  813.8 |
         Sewer |   1161 |   1161 |      0 |      0 |    782 |   1 | 1161.0 |
               +--------+--------+--------+--------+--------+-----+--------+

Top non-repeatable levels by time:
   Sewer: 1161 daAuts
     D:1: 906 daAuts
     D:3: 902 daAuts
     D:2: 744 daAuts
     D:4: 702 daAuts
